 Dungeon Crawl Stone Soup version 0.17.1-3-g152610e (webtiles) character file.

91 manyhoops the Poker (level 4, -7/33 HPs)
             Began as a Merfolk Gladiator on Apr 5, 2016.
             Mangled by an orc wizard
             ... wielding a +1 dagger of electrocution
              (15 damage)
             ... on level 3 of the Dungeon.
             The game lasted 00:02:56 (1981 turns).

manyhoops the Poker (Merfolk Gladiator)             Turns: 1981, Time: 00:02:56

Health: -7/33      AC:  5    Str: 15    XL:     4   Next: 59%
Magic:  4/4        EV: 14    Int:  7    God:
Gold:   69         SH:  0    Dex: 15    Spells: 0 memorised, 3 levels left

rFire  . . .     SeeInvis .     a - +0 trident
rCold  . . .     Clarity  .     b - +0 leather armour
rNeg   . . .     SustAt   .     (no shield)
rPois  .         Gourm    .     c - +0 helmet
rElec  .         Spirit   .     (no cloak)
rCorr  .         Warding  .     t - +0 pair of gloves
rMut   .         Stasis   .     (no boots)
MR     .....                    (no amulet)
Stlth  +.........               (no ring)
                                (no ring)

@: not resistant to hostile enchantments, very unstealthy
A: change form in water, swift swim
a: no special abilities


You were on level 3 of the Dungeon.
You were hungry.

You visited 1 branch of the dungeon, and saw 3 of its levels.

You collected 69 gold pieces.

Inventory:

Hand Weapons
 a - a +0 trident (weapon)
Missiles
 d - 3 throwing nets (quivered)
 r - 3 tomahawks of dispersal
Armour
 b - a +0 leather armour (worn)
 c - a +0 helmet (worn)
 t - a +0 pair of gloves (worn)
Jewellery
 n - an uncursed amulet of resist mutation {unknown}
Scrolls
 h - a scroll of teleportation {unknown}
 i - 2 scrolls of remove curse {unknown}
 j - a scroll of identify {unknown}
 k - a scroll of recharging {unknown}
 l - a scroll of random uselessness {unknown}
 p - a scroll of fog {unknown}
 q - a scroll of immolation {unknown}
 u - a scroll of fear {unknown}
Potions
 f - 2 potions of heal wounds {unknown}
 m - a potion of poison {unknown}
Comestibles
 e - 2 bread rations
 g - a meat ration
 o - a beef jerky
 s - 3 chunks of flesh


   Skills:
 - Level 2.1 Fighting
 * Level 6.0 Polearms
 - Level 2.0 Throwing
 + Level 0.3 Armour
 * Level 5.5 Dodging
 + Level 0.5 Stealth


You had 3 spell levels left.
You didn't know any spells.

Dungeon Overview and Level Annotations

Branches:
Dungeon (3/15)

Altars:
Gozag
Ru
Xom


Message History

You're too confused to move!
You feel less confused. Something hits you.
Unknown command.
You hit something. You puncture the orc!
You kill the orc!
Something hits you but does no damage.
The orc shouts!
You puncture the hobgoblin!
You kill the hobgoblin!
Something hits you but does no damage. Something hits you but does no damage.
You are electrocuted!
* * * LOW HITPOINT WARNING * * *
Things that are here:
a hand axe; a leather armour Something barely misses you.
You closely miss something. Something hits you but does no damage.
You are electrocuted!
You die...

###.#............# o..o ..
#.#..#########.## o#. .#
##.#..#.....##.#.## .. ..
##.†)..#.###.#.###.##.#.#.##
#.............## ##.#.......
#......#.##.##.###o)....#
#.#......##.# #.#o####.##
#.###........###)## # #.
##<........{@# #.
######............# #.
#.############ #. #.# #. #.#


You could see 2 orcs.

Vanquished Creatures
  2 adders (D:2)
  An ooze (D:2)
  2 giant geckos
  3 orcs (D:3)
  A ball python (D:2)
  7 bats
  3 giant cockroaches
  6 hobgoblins
  9 kobolds
  A giant newt (D:2)
  7 goblins
  10 jackals
  8 rats
60 creatures vanquished.

Notes
Turn   | Place    | Note
--------------------------------------------------------------
     0 | D:1      | manyhoops the Merfolk Gladiator began the quest for the Orb.
     0 | D:1      | Reached XP level 1. HP: 16/16 MP: 1/1
   151 | D:1      | Reached XP level 2. HP: 22/22 MP: 2/2
   302 | D:1      | Reached skill level 5 in Polearms
   787 | D:1      | Reached XP level 3. HP: 25/27 MP: 3/3
   913 | D:2      | Reached skill level 5 in Dodging
  1028 | D:2      | Found a shimmering altar of Xom.
  1559 | D:2      | Found a sacrificial altar of Ru.
  1572 | D:2      | Reached XP level 4. HP: 18/33 MP: 4/4
  1887 | D:3      | Found an opulent altar of Gozag.
  1937 | D:3      | Reached skill level 6 in Polearms
  1981 | D:3      | Mangled by an orc wizard

Action                   |  1- 3 |  4- 6 || total
-------------------------+-------+-------++-------
Melee: Trident           |   128 |    45 ||   173
 Stab: Sleeping          |     3 |     2 ||     5
       Distracted        |     1 |       ||     1
  Eat: Chunk             |     1 |     2 ||     3
